 Dungeon Crawl Stone Soup version 0.21.0-3-g78d12a8 (webtiles) character file.

329 Leszczynek the Chopper (level 6, -5/47 HPs)
             Began as a Formicid Abyssal Knight on Jan 15, 2018.
             Was a Believer of Lugonu.
             Shot with an arrow by a centaur (13 damage)
             ... on level 5 of the Dungeon.
             The game lasted 00:09:03 (2054 turns).

Leszczynek the Chopper (Formicid Abyssal Knight)    Turns: 2054, Time: 00:09:03

Health: -5/47      AC:  5    Str: 19    XL:     6   Next: 80%
Magic:  7/7        EV: 10    Int: 11    God:    Lugonu [**....]
Gold:   198        SH:  0    Dex: 10    Spells: 5/5 levels left

rFire    . . .     SeeInvis +   a - +1 hand axe
rCold    . . .     Gourm    .   (no shield)
rNeg     . . .     Faith    .   m - +0 ring mail
rPois    .         Spirit   .   (helmet unavailable)
rElec    .         Reflect  .   (no cloak)
rCorr    .         Harm     .   (no gloves)
MR       .....                  (no boots)
Stlth    ..........             (no amulet)
HPRegen  0.15/turn              p - ring of wizardry
MPRegen  0.10/turn              (no ring)

@: no status effects
A: permanent stasis, dig shafts and tunnels, four strong arms, antennae 3
a: Dig, Shaft Self, Depart the Abyss, Bend Space, Renounce Religion


You were on level 5 of the Dungeon.
You worshipped Lugonu.
Lugonu was pleased with you.
You were not hungry.

You visited 1 branch of the dungeon, and saw 5 of its levels.
You visited the Abyss 1 time.
You also visited: Ossuary.

You collected 198 gold pieces.

Inventory:

Hand Weapons
 a - a +1 hand axe (weapon)
Missiles
 b - 6 curare-tipped needles
 j - 4 javelins (quivered)
Armour
 m - a +0 ring mail (worn)
Jewellery
 p - a ring of wizardry (left hand)
Wands
 c - a wand of random effects (19)
Scrolls
 f - 2 scrolls of teleportation {unknown}
 g - a scroll of identify {@r1}
 h - a scroll of blinking {unknown}
 k - 2 scrolls of immolation {!r}
 n - a scroll of remove curse {unknown}
Potions
 e - 2 potions of cancellation
 i - 4 potions of brilliance
 q - a potion of haste
Comestibles
 d - 3 rations
 o - 2 chunks of flesh


   Skills:
 - Level 3.3 Fighting
 + Level 6.5 Axes
 - Level 2.3 Armour
 - Level 1.0 Dodging
 - Level 2.3 Invocations


You had 5 spell levels left.
You didn't know any spells.

Dungeon Overview and Level Annotations

Branches:
Dungeon (5/15)
 Temple: D:4-7

Altars:
Nemelex Xobeh
Qazlal


Innate Abilities, Weirdness & Mutations

You cannot be hasted, slowed, berserked, paralysed or teleported.
You can dig through walls and to a lower floor.
Your four strong arms can wield two-handed weapons with a shield.
You have a pair of large antennae on your head. (SInv)


Message History

The gnoll shouts!
You hear a shout!
A centaur comes into view.
The centaur wields a shortbow.
The centaur shoots an arrow.
The arrow misses you.
The centaur shoots an arrow.
The arrow hits you but does no damage.
The centaur shoots an arrow.
The arrow hits you!
You hear a shout!
You see here an arrow.
Found a ring mail.
The centaur shoots an arrow.
The arrow hits you.
You hear a shout!
You see here an arrow.
The centaur shoots an arrow.
The arrow hits you.
The centaur shoots an arrow.
The arrow hits you!
* * * LOW HITPOINT WARNING * * *
You see here an arrow.
It was a potion of haste.
Your stasis prevents you from being hasted.
The centaur shoots an arrow.
The arrow hits you!
You die...

............... ..
####..#..##.#.. ..[
##.#..##.# ..
#....(..###.###.
##..####{.......
#...#...##.####
####...#..{#
#......#..c#### #
#......#...(@.# ##.##
#......######.##....#
#.......#####.......#
#....>.........#....#
#.......######.# ####
####....#
#....####### #....#
#...........
#....###.....#####.
######......<#


You could see a centaur.

Vanquished Creatures
  2 elf zombies (Ossuary)
  3 worker ants
  A big kobold zombie (Ossuary)
  2 mummies (Ossuary)
  A gnoll (D:2)
  An adder (D:2)
  An adder zombie (Ossuary)
  A worm (D:4)
  3 dart slugs
  A leopard gecko (D:5)
  2 giant cockroaches
  5 goblins
  A hobgoblin (D:3)
  8 jackals
  3 bats
  3 frilled lizards
  6 hobgoblin zombies (Ossuary)
  A jackal zombie (D:4)
  A kobold (D:2)
  11 kobold zombies
  11 orc zombies
  2 rats (D:2)
  A rat zombie (Ossuary)
71 creatures vanquished.

Notes
Turn   | Place    | Note
-------+----------+-------------------------------------------
     0 | Abyss:1  | Leszczynek the Formicid Abyssal Knight began the quest for the Orb.
     0 | Abyss:1  | Reached XP level 1. HP: 18/18 MP: 2/2
    44 | Abyss:2  | Noticed a sixfirhy
    45 | D:1      | Escaped the Abyss
    54 | D:1      | Reached skill level 1 in Dodging
    89 | D:1      | Reached * piety under Lugonu
    89 | D:1      | Reached XP level 2. HP: 20/24 MP: 3/3
   317 | D:2      | Reached skill level 3 in Axes
   317 | D:2      | Reached XP level 3. HP: 29/29 MP: 4/4
   586 | D:2      | Found a sparkling altar of Nemelex Xobeh.
   642 | D:2      | Found a stormy altar of Qazlal.
   739 | D:3      | Reached XP level 4. HP: 20/35 MP: 5/5
   848 | D:4      | Reached skill level 4 in Axes
  1012 | D:4      | Found a sand-covered staircase.
  1020 | Ossuary  | Entered an ossuary
  1043 | Ossuary  | Reached ** piety under Lugonu
  1205 | Ossuary  | Reached XP level 5. HP: 32/41 MP: 6/6
  1257 | Ossuary  | HP: 8/41 [elf zombie (3)]
  1267 | Ossuary  | HP: 8/41 [elf zombie (1)]
  1369 | Ossuary  | HP: 5/41 [mummy (16)]
  1381 | Ossuary  | Reached skill level 5 in Axes
  1447 | Ossuary  | HP: 6/41 [elf zombie (7)]
  1498 | Ossuary  | Reached skill level 6 in Axes
  1498 | Ossuary  | Reached XP level 6. HP: 15/47 MP: 7/7
  1503 | Ossuary  | HP: 9/47 [big kobold zombie (3)]
  1916 | D:5      | Entered Level 5 of the Dungeon
  2053 | D:5      | HP: 8/47 [centaur/arrow (10)]
  2054 | D:5      | Shot with an arrow by a centaur

Skill      XL: |  1  2  3  4  5 |
---------------+----------------+-----
Dodging        | 1 |  1.0
Axes           | 3 4 6 |  6.5
Fighting       | |  3.3
Armour         | |  2.3
Invocations    | |  2.3

Action                   |  1- 3 |  4- 6 || total
-------------------------+-------+-------++-------
Melee: Hand axe          |    88 |   214 ||   302
Throw: Javelin           |     1 |    15 ||    16
Invok: Depart the Abyss  |     1 |       ||     1
  Use: Scroll            |     2 |     3 ||     5
       Potion            |       |     3 ||     3
 Stab: Sleeping          |       |     1 ||     1
  Eat: Chunk             |       |     2 ||     2
       Ration            |       |     1 ||     1
Armor: Leather armour    |    23 |     1 ||    24
       Ring mail         |       |    55 ||    55
Dodge: Dodged            |    53 |    81 ||   134
